[Event "Early-Titled-Tuesday-Blitz-October-17-2023"]
[Site "Chess.com"]
[Date "2023.10.17"]
[Round "5"]
[White "lluiss"]
[Black "Happy1712Drummer"]
[Result "0-1"]
[WhiteElo "2151"]
[BlackElo "2385"]
[TimeControl "180+1"]
[EndTime "8:56:15 PDT"]
[Termination "Happy1712Drummer won by resignation"]

1. Nf3 c5 2. c4 Nc6 3. Nc3 g6 4. e3 Nf6 5. d4 cxd4 6. exd4 d5 7. cxd5 Nxd5 8. Bc4 Nxc3 9. Qb3 e6 10. bxc3 Bg7 11. Ba3 Ne7 12. Qb4 Nc6 13. Qb3 Ne7 14. Qb4 Nc6 15. Qd6 Qxd6 16. Bxd6 Bd7 17. O-O Rc8 18. Bb5 a6 19. Bxc6 Bxc6 20. Ne5 Bd5 21. c4 Bxc4 22. Nxc4 Rxc4 23. Rac1 Rxc1 24. Rxc1 Kd7 25. Be5 Bxe5 26.
dxe5 Rc8 27. Rb1 b5 28. Rd1+ Ke7 29. Rd6 Rc1+ 0-1

[Event "Early-Titled-Tuesday-Blitz-October-17-2023"]
[Site "Chess.com"]
[Date "2023.10.17"]
[Round "5"]
[White "DTChess"]
[Black "Ishowmoves57"]
[Result "1-0"]
[WhiteElo "2581"]
[BlackElo "2215"]
[TimeControl "180+1"]
[EndTime "8:56:17 PDT"]
[Termination "DTChess won by resignation"]

1. e4 c5 2. Nf3 Nc6 3. Nc3 Nf6 4. d4 cxd4 5. Nxd4 e5 6. Ndb5 d6 7. Bg5 a6 8. Na3 b5 9. Nd5 Be7 10. Bxf6 Bxf6 11. c3 O-O 12. Nc2 Bg5 13. a4 bxa4 14. Rxa4 Ne7 15. Nce3 Bb7 16. Bc4 Nxd5 17. Nxd5 Bxd5 18.
Bxd5 Rb8 19. Ra2 a5 20. O-O Qb6 21. b3 Qc5 22. Qd3 Bd8 23. g3 Bb6 24. Kg2 Rbc8 25. Bc4 Rfd8 26. f4 exf4 27. Rxf4 Qg1+ 28. Kh3 Rc7 29. Qd5 Qc5 30. Qd1 Re7 31. Qf3 Rdd7 32. Bd5 g6 33. b4 axb4 34. cxb4 Qxb4 35. Ra8+ Kg7 36. e5 dxe5 37. Rxb4 1-0

[Event "Early-Titled-Tuesday-Blitz-October-17-2023"]
[Site "Chess.com"]
[Date "2023.10.17"]
[Round "5"]
[White "ChessSkool"]
[Black "Krakozia"]
[Result "0-1"]
[WhiteElo "2672"]
[BlackElo "3012"]
[TimeControl "180+1"]
[EndTime "8:56:18 PDT"]
[Termination "Krakozia won on time"]

1. e4 c5 2. Nf3 e6 3. d4 cxd4 4. Nxd4 Nf6 5. Nc3 Nc6 6. a3 Be7 7. Nxc6 bxc6 8. e5 Nd5 9. Ne4 Qc7 10. f4 Qb6 11. Qd3 O-O 12. c4 f5 13. Nf2 Nc7 14. Be2 a5 15. O-O Na6 16. Be3 Bc5 17.
Bxc5 Nxc5 18. Qd4 Rb8 19. b4 axb4 20. axb4 Nb3 21. Qxb6 Rxb6 22. Ra3 Nd4 23. Bd3 Rxb4 24. Rfa1 c5 25. Nd1 Bb7 26. Nc3 Bc6 27. R1a2 Rfb8 28. g3 Kf7 29. Kf2 Ke7 30. Ke3 Rb3 31. Rxb3 Rxb3 32. Kd2 Nf3+ 33. Kc2 Rb4 34. h3 g5 0-1

[Event "Early-Titled-Tuesday-Blitz-October-17-2023"]
[Site "Chess.com"]
[Date "2023.10.17"]
[Round "5"]
[White "Lennis93"]
[Black "Laico"]
[Result "1-0"]
[WhiteElo "2711"]
[BlackElo "2446"]
[TimeControl "180+1"]
[EndTime "8:56:23 PDT"]
[Termination "Lennis93 won by resignation"]

1. c4 e5 2. g3 Nc6 3. Bg2 f5 4. Nc3 Nf6 5. e3 Bb4 6. Nge2 d6 7. a3 Bxc3 8. Nxc3 O-O 9. O-O f4 10. d4 fxe3 11. Bxe3 Bg4 12. Qd2 exd4 13. Bxd4 Nxd4 14.
Qxd4 Qc8 15. Nd5 Nxd5 16. cxd5 Bh3 17. Rac1 Bxg2 18. Kxg2 Rf7 19. Rfe1 Qf5 20. f4 Raf8 21. Re4 g5 22. Rce1 gxf4 23. Rxf4 Qc2+ 24. Kh1 h6 25. Rxf7 Rxf7 26. Re8+ Kh7 27. Rh8+ Kg6 28. Rg8+ 1-0

[Event "Early-Titled-Tuesday-Blitz-October-17-2023"]
[Site "Chess.com"]
[Date "2023.10.17"]
[Round "5"]
[White "ploxoi"]
[Black "YouJustFoundYourGodfather"]
[Result "0-1"]
[WhiteElo "2472"]
[BlackElo "2614"]
[TimeControl "180+1"]
[EndTime "8:56:24 PDT"]
[Termination "YouJustFoundYourGodfather won by checkmate"]

1. d4 Nf6 2. c4 d6 3. Nf3 Nc6 4.
Nc3 g6 5. d5 Nb8 6. e4 Bg7 7.
Be2 O-O 8. O-O Nbd7 9. Be3 c5 10.
h3 a6 11. a4 b6 12. Nd2 e5 13. Bg5 h6 14. Bh4 Qe8 15. a5 Rb8 16. axb6 Rxb6 17. Qc2 Nh7 18. g4 f5 19. exf5 gxf5 20. gxf5 Ndf6 21. Kh2 Nh5 22. Bg4 Nf4 23. Rg1 h5 24. f6 hxg4 25. fxg7 Kxg7 26. Nde4 Qh5 27. Rg3 Qxh4 28. Rag1 Nxh3 29. Qe2 Nf4+ 30. Rh3 Qxh3# 0-1

[Event "Early-Titled-Tuesday-Blitz-October-17-2023"]
[Site "Chess.com"]
[Date "2023.10.17"]
[Round "5"]
[White "wonderfultime"]
[Black "Susal_De_Silva"]
[Result "1-0"]
[WhiteElo "2976"]
[BlackElo "2666"]
[TimeControl "180+1"]
[EndTime "8:56:26 PDT"]
[Termination "wonderfultime won by resignation"]

1. d4 Nf6 2. Nf3 b6 3. c4 e6 4. a3 Bb7 5. Nc3 Ne4 6. Nxe4 Bxe4 7. Bf4 Be7 8. e3 O-O 9. Be2 d6 10. O-O Nd7 11. Rc1 f5 12. h3 Bf6 13. Bh2 Bb7 14. b4 a5 15. c5 bxc5 16. bxc5 dxc5 17. dxc5 Bd5 18. c6 Nb6 19. Ne5 Qe7 20. Bb5 Rfd8 21.
Nd7 Nxd7 22. cxd7 c6 23. Bxc6 Bxc6 24. Rxc6 Rxd7 25. Qb3 Rd5 26. Rb1 a4 27. Qc4 Ra7 28. Bg3 Rad7 29. Qxa4 Ra7 30. Qc4 Rxa3 31. Rb8+ Kf7 32.
Rc7 Rd7 33. Rbb7 Rad3 34. Qxd3 Rxd3 35. Rxe7+ Bxe7 36. Bh4 1-0

[Event "Early-Titled-Tuesday-Blitz-October-17-2023"]
[Site "Chess.com"]
[Date "2023.10.17"]
[Round "5"]
[White "Cheer_Down"]
[Black "kingapolak"]
[Result "1-0"]
[WhiteElo "2516"]
[BlackElo "2156"]
[TimeControl "180+1"]
[EndTime "8:56:26 PDT"]
[Termination "Cheer_Down won by resignation"]

1. e4 c5 2. Nf3 Nc6 3. Bb5 g6 4. Bxc6 dxc6 5. d3 Bg7 6. h3 e5 7. a4 b6 8. a5 Rb8 9. axb6 axb6 10. O-O Ne7 11. Nbd2 O-O 12. Nc4 f6 13. Be3 Be6 14. b3 Nc8 15. Ra6 Nd6 16. Nxd6 Qxd6 17. Qd2 Bc8 18.
Ra7 Rb7 19. Rfa1 Rff7 20. Ra8 Rb8 21. R8a7 b5 22. Qc3 Bf8 23. Rxf7 Kxf7 24. Ra7+ Rb7 25. Ra8 c4 26. Rxc8 Qe6 27. Ra8 c5 28. bxc4 b4 29. Qb3 f5 30. Ng5+ 1-0

[Event "Early-Titled-Tuesday-Blitz-October-17-2023"]
[Site "Chess.com"]
[Date "2023.10.17"]
[Round "5"]
[White "JiiHart"]
[Black "Bala-Afiada"]
[Result "1-0"]
[WhiteElo "2200"]
[BlackElo "1908"]
[TimeControl "180+1"]
[EndTime "8:56:33 PDT"]
[Termination "JiiHart won by resignation"]

1. e4 c5 2. c3 Nf6 3. e5 Nd5 4. d4 cxd4 5. Nf3 Nc6 6. cxd4 d6 7. Nc3 Nxc3 8. bxc3 dxe5 9. dxe5 Qxd1+ 10. Kxd1 Bg4 11. Be2 O-O-O+ 12. Kc2 Bxf3 13. Bxf3 Nxe5 14. Be2 e6 15. Be3 a6 16. Rab1 Be7 17. Rb3 Rd7 18. Rhb1 Nc6 19. Bb6 Bd6 20. Bf3 Bc7 21. Bxc7 Rxc7 22.
Bxc6 Rxc6 23. Rxb7 Rd8 24. Rb8+ Kd7 25. Rd1+ 1-0

[Event "Early-Titled-Tuesday-Blitz-October-17-2023"]
[Site "Chess.com"]
[Date "2023.10.17"]
[Round "5"]
[White "Semetey"]
[Black "Aleksandar-Topalov"]
[Result "1-0"]
[WhiteElo "2540"]
[BlackElo "2346"]
[TimeControl "180+1"]
[EndTime "8:56:34 PDT"]
[Termination "Semetey won by resignation"]

1. a3 g6 2. c4 Bg7 3. Nc3 d6 4. b4 Nf6 5. Bb2 O-O 6. d4 Nbd7 7. Nf3 e5 8. e3 exd4 9. exd4 Re8+ 10. Be2 Nb6 11. O-O Bg4 12. Bd3 d5 13. c5 Nc4 14.
Bxc4 dxc4 15. h3 Be6 16. Re1 Nd5 17. Nxd5 Bxd5 18. Rxe8+ Qxe8 19. Ne5 f6 20. Ng4 Qe4 21. Ne3 c6 22. Qg4 f5 23. Qxe4 fxe4 24. Kf1 Bh6 25.
Ke2 Bxe3 26. Kxe3 a5 27. Bc3 axb4 28. Bxb4 Kf7 29. Kd2 Ke6 30. Re1 Kd7 31. Re3 Rf8 32. Ke2 Ra8 33. Rg3 Rf8 34. Rg5 Ke6 35. Re5+ Kd7 36.
Rxd5+ cxd5 37. c6+ 1-0

[Event "Early-Titled-Tuesday-Blitz-October-17-2023"]
[Site "Chess.com"]
[Date "2023.10.17"]
[Round "5"]
[White "Khromkin"]
[Black "LuisFSiles"]
[Result "1-0"]
[WhiteElo "2525"]
[BlackElo "2329"]
[TimeControl "180+1"]
[EndTime "8:56:34 PDT"]
[Termination "Khromkin won on time"]

1. d4 Nf6 2. c4 g6 3. Nf3 Bg7 4.
Nc3 O-O 5. g3 d6 6. Bg2 c6 7.
O-O Qa5 8. h3 e5 9. d5 cxd5 10.
cxd5 Bd7 11. a3 Rc8 12. Be3 Rxc3 13. bxc3 Nxd5 14. Bd2 Nb6 15. c4 Qa6 16. Bb4 Nxc4 17. Ng5 Nc6 18. Bd5 Nd8 19. Rc1 Rc8 20. Bxc4 Rxc4 21. Rxc4 Qxc4 22. Qxd6 Qc6 23. Rd1 1-0

[Event "Early-Titled-Tuesday-Blitz-October-17-2023"]
[Site "Chess.com"]
[Date "2023.10.17"]
[Round "5"]
[White "DanielTitichoca"]
[Black "Haykoooo0o"]
[Result "1-0"]
[WhiteElo "2575"]
[BlackElo "2440"]
[TimeControl "180+1"]
[EndTime "8:56:36 PDT"]
[Termination "DanielTitichoca won by resignation"]

1. d4 f5 2. Bg5 g6 3. h4 c5 4. h5 Bg7 5. dxc5 Na6 6. e4 Nxc5 7.
hxg6 Nxe4 8. Rxh7 Bxb2 9. Rxh8 Bxh8 10. Qh5 Bg7 11. Qh7 Kf8 12. Nh3 Qb6 13. Bc4 e6 14. Bb3 Qd4 15. c3 Nxc3 16. Nd2 Qe5+ 17. Kf1 Ne4 18. Re1 d5 19. Bf4 Nxd2+ 20. Bxd2 Qd4 21.
Be3 Qd3+ 22. Kg1 b6 23. Nf4 Bd7 24. Nxd3 1-0

[Event "Early-Titled-Tuesday-Blitz-October-17-2023"]
[Site "Chess.com"]
[Date "2023.10.17"]
[Round "5"]
[White "nitpicker"]
[Black "ssunu"]
[Result "1-0"]
[WhiteElo "2254"]
[BlackElo "1926"]
[TimeControl "180+1"]
[EndTime "8:56:37 PDT"]
[Termination "nitpicker won by resignation"]

1. d4 Nf6 2. c4 e6 3. g3 d5 4.
Nf3 Be7 5. Bg2 O-O 6. O-O dxc4 7. Ne5 c5 8. dxc5 Qc7 9. Nxc4 Bxc5 10. b3 Nc6 11. Nc3 a6 12. Bf4 Qe7 13. Na4 Rd8 14. Qc2 Nd5 15. Bd2 Bb4 16. Rfd1 b5 17. Ncb6 Rb8 18. Qxc6 Bb7 19. Nxd5 exd5 20. Qb6 Bxd2 21. Rxd2 bxa4 22. bxa4 Qe5 23. Qd4 Qe6 24. Rad1 g6 25. a5 Rbc8 26. Qb6 Qxb6 27. axb6 Rc7 28. bxc7 1-0

[Event "Early-Titled-Tuesday-Blitz-October-17-2023"]
[Site "Chess.com"]
[Date "2023.10.17"]
[Round "5"]
[White "Khuslen2008"]
[Black "Deadmold"]
[Result "0-1"]
[WhiteElo "2275"]
[BlackElo "2198"]
[TimeControl "180+1"]
[EndTime "8:56:38 PDT"]
[Termination "Deadmold won by resignation"]

1. d4 d5 2. c4 e6 3. Nc3 c5 4. cxd5 exd5 5. Nf3 Nc6 6. g3 c4 7. Bg2 Bb4 8. O-O Nge7 9. a3 Ba5 10. Ne5 O-O 11. Nxc6 bxc6 12. Bg5 Rb8 13. Qd2 Rb3 14. Bxe7 Qxe7 15. Nxd5 cxd5 16. Qxa5 Qxe2 17. Rfe1 Qxb2 18. Bxd5 Rb5 19. Bxf7+ Kxf7 20. Qc7+ Kg8 21. Qxc4+ Kh8 22. Rf1 Bh3 23. Ra2 Bxf1 24. Kxf1 Qb3 25. Qc6 0-1

[Event "Early-Titled-Tuesday-Blitz-October-17-2023"]
[Site "Chess.com"]
[Date "2023.10.17"]
[Round "5"]
[White "ActorXu"]
[Black "kirillshevchenko"]
[Result "1/2-1/2"]
[WhiteElo "2790"]
[BlackElo "2928"]
[TimeControl "180+1"]
[EndTime "8:56:39 PDT"]
[Termination "Game drawn by repetition"]

1. e4 e5 2. Nf3 Nc6 3. Bc4 Nf6 4. d3 d5 5. exd5 Nxd5 6. O-O Nb6 7. Bb5 Bd6 8. Re1 f6 9. d4 O-O 10. Bxc6 bxc6 11.
dxe5 fxe5 12. Bg5 Qe8 13. Nbd2 Qg6 14. Bh4 Bf5 15. Nxe5 Bxe5 16. Rxe5 Bxc2 17. Qe2 Nd5 18. Bg3 Bd3 19. Qh5 Qxh5 20. Rxh5 Rfe8 21. Re5 Rxe5 22. Bxe5 Re8 23. f4 g5 24. g3 gxf4 25. gxf4 Kf7 26.
Rc1 Re6 27. Kf2 Bf5 28. Nf3 Rh6 29. Rg1 Rg6 30. Rxg6 hxg6 31. Nd4 Bd7 32. Nb3 Bf5 33. Nc5 Nb4 34. a3 Nd3+ 35. Nxd3 Bxd3 36. Ke3 Bf1 37. Kd4 Ke6 38. Kc5 Kd7 39. Kd4 a6 40. Kc5 Be2 41. Kd4 Bf1 42. Kc5 Be2 43. Kd4 Bf1 1/2-1/2

[Event "Early-Titled-Tuesday-Blitz-October-17-2023"]
[Site "Chess.com"]
[Date "2023.10.17"]
[Round "5"]
[White "Flaccidmoves"]
[Black "Witty_Alien"]
[Result "1-0"]
[WhiteElo "2418"]
[BlackElo "2243"]
[TimeControl "180+1"]
[EndTime "8:56:41 PDT"]
[Termination "Flaccidmoves won by checkmate"]

1. e4 c5 2. Nf3 d6 3. d4 cxd4 4. Nxd4 Nf6 5. Nc3 a6 6. h3 g6 7. g4 Bg7 8. Be3 Nc6 9. Qd2 Bd7 10. f3 O-O 11. h4 Bxg4 12. fxg4 Nxg4 13. Bg1 Rc8 14.
h5 Nce5 15. hxg6 fxg6 16. O-O-O Rxf1 17. Rxf1 Nc4 18. Qg5 Nge5 19. Ne6 Qa5 20. Qxe7 Nf7 21. Qxf7+ Kh8 22. Qxg7# 1-0

[Event "Early-Titled-Tuesday-Blitz-October-17-2023"]
[Site "Chess.com"]
[Date "2023.10.17"]
[Round "5"]
[White "Ranindu2003"]
[Black "guillembaches"]
[Result "1-0"]
[WhiteElo "2778"]
[BlackElo "2510"]
[TimeControl "180+1"]
[EndTime "8:56:44 PDT"]
[Termination "Ranindu2003 won on time"]

1. e4 d5 2. exd5 Qxd5 3. Nc3 Qa5 4. d4 Nf6 5. Nf3 Bf5 6. Bd2 e6 7. Ne5 Qb6 8. Qf3 Bxc2 9. Rc1 Bg6 10. Na4 Qxd4 11.
Qxb7 Qe4+ 12. Qxe4 Bxe4 13. Bb5+ c6 14. Nxc6 Nxc6 15.
Rxc6 Kd8 16. Ba5+ Ke7 17. Bb4+ Kd8 18. Ba5+ Ke7 19. Rc7+ Kd6 20. O-O Be7 21. Rd1+ Nd5 22. Rd7+ Ke5 23. Bc3+ Nxc3 24. Nxc3 1-0

[Event "Early-Titled-Tuesday-Blitz-October-17-2023"]
[Site "Chess.com"]
[Date "2023.10.17"]
[Round "5"]
[White "cycygogne"]
[Black "tarno17"]
[Result "1-0"]
[WhiteElo "2263"]
[BlackElo "2128"]
[TimeControl "180+1"]
[EndTime "8:56:45 PDT"]
[Termination "cycygogne won on time"]

1. e4 c5 2. Nf3 e6 3. d4 cxd4 4. Nxd4 a6 5. Nc3 Qc7 6. Bd3 Nc6 7. Be3 Nf6 8. O-O Be7 9. Kh1 b5 10. a3 Bb7 11. f4 d6 12. Qf3 Rd8 13. Rae1 g6 14.
Nxc6 Bxc6 15. Qg3 h5 16. e5 Ng4 17. h3 Nh6 18. f5 Nxf5 19. Bxf5 gxf5 20. Qg7 Kd7 21. exd6 Bxd6 22. Qxf7+ Kc8 23. Qxe6+ Kb8 24. Nd5 Qb7 25. Rd1 Rhg8 26. Rxf5 Rg3 27. Bg5 Bc7 28.
Bxd8 Bxd8 29. Rf8 Ka7 30. Rxd8 h4 31. Qd6 b4 32. axb4 Rg5 33. Qc5+ 1-0

[Event "Early-Titled-Tuesday-Blitz-October-17-2023"]
[Site "Chess.com"]
[Date "2023.10.17"]
[Round "5"]
[White "SashaKuzhilniy"]
[Black "chessfatbear"]
[Result "0-1"]
[WhiteElo "2620"]
[BlackElo "2800"]
[TimeControl "180+1"]
[EndTime "8:56:46 PDT"]
[Termination "chessfatbear won by resignation"]

1. b3 b6 2. e4 Bb7 3. Nc3 g6 4. Bb2 Bg7 5. d4 e6 6. Nf3 Ne7 7. Be2 d6 8. O-O Nd7 9. Re1 O-O 10. Bf1 a6 11. a4 c5 12. Qd2 cxd4 13. Nxd4 Qc7 14.
h4 Nf6 15. Rad1 Rac8 16. Nf3 Rfd8 17. Ba1 d5 18. exd5 Nexd5 19. Nxd5 Rxd5 20. Bd3 Rcd8 21. Qc3 Rc5 22. Qb4 Bxf3 23. gxf3 Nd5 24. Qg4 Bxa1 25. Rxa1 a5 26. Rad1 Nf4 27. Bc4 Rxd1 28.
Rxd1 Kg7 29. Rd4 Rf5 30. Kh1 Qe5 31. Re4 Qa1+ 32. Qg1 Qf6 33. Qg4 e5 34. Kg1 Rh5 35. Qd7 Rxh4 36. Rxe5 Qxe5 37. Qxf7+ Kh6 38. Qf8+ Kh5 0-1

[Event "Early-Titled-Tuesday-Blitz-October-17-2023"]
[Site "Chess.com"]
[Date "2023.10.17"]
[Round "5"]
[White "Zavgorodniy_Sergiy"]
[Black "atalz0"]
[Result "1/2-1/2"]
[WhiteElo "2665"]
[BlackElo "2512"]
[TimeControl "180+1"]
[EndTime "8:56:46 PDT"]
[Termination "Game drawn by repetition"]

1. e4 c6 2. d4 d5 3. exd5 cxd5 4. c4 Nf6 5. Nc3 Nc6 6. Nf3 Bg4 7. cxd5 Nxd5 8. Qb3 Bxf3 9. gxf3 e6 10. Qxb7 Nxd4 11.
Bb5+ Nxb5 12. Qc6+ Ke7 13. Qxb5 Qd7 14. Qe2 Nxc3 15.
bxc3 f6 16. O-O Kf7 17. Qe4 Rc8 18. Be3 Qc6 19. Rfd1 Be7 20. Bxa7 Qxe4 21. fxe4 Rxc3 22.
a4 Bc5 23. Rd7+ Kg6 24. a5 Bxa7 25. Rxa7 Rhc8 26. Kg2 Rc1 27. Ra3 R8c3 28. Rxc3 Rxc3 29. Rb7 Ra3 30. Rb5 e5 31. f3 Kg5 32. Kg3 h5 33.
h4+ Kh6 34. Rc5 Ra1 35. Kf2 Ra2+ 36. Kg3 Ra1 37. Rd5 Ra2 38. Kh3 Kg6 39. Kg3 Kf7 40. Rb5 Kg6 41. Rd5 Kh6 42. Kh3 Kg6 43. Kg3 1/2-1/2

[Event "Early-Titled-Tuesday-Blitz-October-17-2023"]
[Site "Chess.com"]
[Date "2023.10.17"]
[Round "5"]
[White "OLDTERMINATOR"]
[Black "Heinza9"]
[Result "0-1"]
[WhiteElo "1638"]
[BlackElo "2297"]
[TimeControl "180+1"]
[EndTime "8:56:48 PDT"]
[Termination "Heinza9 won on time"]

1. e4 e5 2. Nf3 Nc6 3. Bc4 Nf6 4. Ng5 d5 5. exd5 b5 6. Bf1 Nd4 7. c3 Nxd5 8. cxd4 Qxg5 9. Bxb5+ Kd8 10. Qf3 Bb7 11.
O-O exd4 12. d3 Qf6 13. Qe2 Bd6 14. Na3 c6 15. Ba4 Re8 16. Qg4 Kc7 17. Nc4 h5 18. Qh3 Bc8 19. Qxh5 Bd7 20. Bg5 Qe6 21. Nxd6 Kxd6 22.
Qf3 f6 23. Bd2 a5 24. Rfe1 Qf5 25. Qg3+ Re5 26. a3 Re8 0-1

[Event "Early-Titled-Tuesday-Blitz-October-17-2023"]
[Site "Chess.com"]
[Date "2023.10.17"]
[Round "5"]
[White "stollenmonster"]
[Black "Mykola-Bortnyk"]
[Result "0-1"]
[WhiteElo "2809"]
[BlackElo "2975"]
[TimeControl "180+1"]
[EndTime "8:56:50 PDT"]
[Termination "Mykola-Bortnyk won by resignation"]

1. e4 Nf6 2. Nc3 d5 3. exd5 Nxd5 4. g3 g6 5. Bg2 c6 6. Nge2 Bg7 7. O-O O-O 8. Nxd5 cxd5 9. d4 Nc6 10. c3 Bg4 11. h3 Bf5 12. Nf4 Be4 13. Bxe4 dxe4 14. Qe2 g5 15. Nh5 Qd5 16. Nxg7 Kxg7 17. f3 exf3 18. Rxf3 f6 19. Be3 e5 20. Raf1 exd4 21. cxd4 Nxd4 22. Bxd4 Qxd4+ 23. Kg2 Rae8 24. Qc2 Re7 25.
R1f2 Qe4 26. Qc3 h5 27. Kh2 Re6 28. Rf5 Qe3 29. Qb4 Rf7 30. Qa4 a6 31. Qc4 Re5 32.
R5f3 Qc5 33. Qa4 Qd6 34. h4 b5 35. Qc2 gxh4 36. Kg2 Rg5 37. Qe4 Rxg3+ 0-1

[Event "Early-Titled-Tuesday-Blitz-October-17-2023"]
[Site "Chess.com"]
[Date "2023.10.17"]
[Round "5"]
[White "HajiyevKanan"]
[Black "Yeremyan_ChessMate"]
[Result "0-1"]
[WhiteElo "2540"]
[BlackElo "2730"]
[TimeControl "180+1"]
[EndTime "8:56:52 PDT"]
[Termination "Yeremyan_ChessMate won by resignation"]

1. d4 Nf6 2. Nf3 g6 3. g3 Bg7 4. Bg2 O-O 5. O-O d5 6. b3 c5 7. Bb2 Ne4 8. Nbd2 Nc6 9. e3 Bf5 10. c3 Nxd2 11. Qxd2 cxd4 12. exd4 Be4 13. Rfe1 e6 14.
Ne5 Nxe5 15. dxe5 Bxe5 16. f3 Bxf3 17. Rxe5 Bxg2 18. Kxg2 Qd7 19. c4 f6 20. Re2 Rad8 21. Rd1 Qc6 22. Kh3 dxc4 23. Qxd8 Rxd8 24. Rxd8+ Kg7 25. bxc4 Qf3 26. Rd7+ Kh6 27. Bxf6 Qh5+ 28. Bh4 Qxe2 29. g4 Qf3+ 30. Bg3 Qf1+ 31. Kh4 0-1

[Event "Early-Titled-Tuesday-Blitz-October-17-2023"]
[Site "Chess.com"]
[Date "2023.10.17"]
[Round "5"]
[White "ChainedDowntohell"]
[Black "zimmm36"]
[Result "0-1"]
[WhiteElo "2463"]
[BlackElo "2723"]
[TimeControl "180+1"]
[EndTime "8:56:52 PDT"]
[Termination "zimmm36 won on time"]

1. d4 Nf6 2. c4 e6 3. Nc3 Bb4 4. e3 O-O 5. a3 Bxc3+ 6. bxc3 d6 7. Bd3 e5 8. Ne2 Re8 9. a4 e4 10. Bc2 Nc6 11. h3 Na5 12. d5 Nxc4 13. Qd4 Ne5 14.
c4 Bf5 15. Bb2 Bg6 16. Nf4 Nd3+ 17. Bxd3 exd3 18. Nxg6 hxg6 19. O-O Qe7 20. Qxd3 Ne4 21. Rfe1 f6 22. a5 Nc5 23. Qxg6 Qe4 24. Qxe4 Rxe4 25.
Bd4 Nb3 26. Rab1 Nxa5 27. Rec1 b6 28. f3 Ree8 29. e4 Nb7 30. g4 a5 31. Kg2 Kf7 32. Kg3 g5 33. h4 gxh4+ 34. Kxh4 Rh8+ 35. Kg3 a4 36. Rh1 Na5 37. Bc3 Nxc4 38. g5 Ne5 39. f4 Nd7 40. Kg4 a3 41. gxf6 Nxf6+ 42. Kf5 Nh5 43. Rhg1 Rh7 44. e5 Ng7+ 45. Ke4 Ra4+ 46.
Kd3 Rh3+ 47. Kc2 Nf5 48. e6+ Ke7 49. Rbe1 Rc4 50. Rg5 Rcxc3+ 51. Kd2 Rhd3+ 52. Ke2 Re3+ 53. Kf2 Rc2+ 54. Kf1 Rxe1+ 55. Kxe1 Ne3 0-1

[Event "Early-Titled-Tuesday-Blitz-October-17-2023"]
[Site "Chess.com"]
[Date "2023.10.17"]
[Round "5"]
[White "Me_ch_an"]
[Black "Emp3rador"]
[Result "0-1"]
[WhiteElo "2362"]
[BlackElo "2545"]
[TimeControl "180+1"]
[EndTime "8:56:53 PDT"]
[Termination "Emp3rador won by resignation"]

1. e4 e6 2. d4 d5 3. e5 c5 4. c3 Qb6 5. g3 Bd7 6. Ne2 Bb5 7.
Be3 Nc6 8. b3 Nh6 9. Bh3 Bxe2 10. Qxe2 cxd4 11. cxd4 Bb4+ 12. Nd2 Nxd4 13. Bxd4 Qxd4 14.
Rd1 O-O 15. O-O Rac8 16. Nf3 Qc5 17. Nd4 Bc3 18. Nxe6 fxe6 19. Bxe6+ Kh8 20. Bxc8 Rxc8 21. e6 Bf6 22. Qh5 d4 23. Qxc5 Rxc5 24. Rfe1 Ng8 25. f4 Ne7 26. g4 h6 27. f5 Kg8 28. Re2 Kf8 29. Kg2 Nd5 30. Kg3 Ke7 31. Rde1 Rc3+ 32. Kf2 Bh4+ 0-1

[Event "Early-Titled-Tuesday-Blitz-October-17-2023"]
[Site "Chess.com"]
[Date "2023.10.17"]
[Round "5"]
[White "Zhigalko_Sergei"]
[Black "Nuvas"]
[Result "1-0"]
[WhiteElo "2946"]
[BlackElo "2826"]
[TimeControl "180+1"]
[EndTime "8:56:55 PDT"]
[Termination "Zhigalko_Sergei won by resignation"]

1. e4 e5 2. Nf3 Nc6 3. Bc4 Nf6 4. d3 Bc5 5. O-O d6 6. c3 a5 7. Nbd2 Ba7 8. h3 O-O 9. Re1 h6 10. Nf1 Be6 11. Bb5 Ne7 12. Ng3 Ng6 13. d4 c6 14. Bd3 Re8 15. Be3 Qc7 16. Qc2 Rad8 17. dxe5 Bxe3 18. exf6 Ba7 19. Nh5 b5 20. Nxg7 Rf8 21.
e5 Nxe5 22. Rxe5 dxe5 23. Qc1 e4 24. Qxh6 Qg3 25. Bxe4 1-0

[Event "Early-Titled-Tuesday-Blitz-October-17-2023"]
[Site "Chess.com"]
[Date "2023.10.17"]
[Round "5"]
[White "pinguino120"]
[Black "Sofia_Blokhin"]
[Result "1-0"]
[WhiteElo "2208"]
[BlackElo "2276"]
[TimeControl "180+1"]
[EndTime "8:56:55 PDT"]
[Termination "pinguino120 won by resignation"]

1. e4 c5 2. Nf3 e6 3. c3 d5 4.
e5 d4 5. d3 Nc6 6. g3 Nge7 7.
Bg2 Ng6 8. Qe2 Qc7 9. Na3 a6 10. Bf4 Nxf4 11. gxf4 Be7 12. O-O Bd7 13. cxd4 cxd4 14.
Nc2 Bc5 15. Rac1 Qb6 16. a3 a5 17. b4 axb4 18. axb4 Nxb4 19. Nxb4 Qxb4 20. Rb1 Qa5 21. Rxb7 Bc6 22. Rb2 O-O 23. Ng5 Bxg2 24. Kxg2 h6 25. Ne4 Bb4 26. Rfb1 Bc3 27. Rb5 Qa2 28. Qg4 Kh7 29.
f5 exf5 30. Qxf5+ Kh8 31. Rb7 Qd5 32. R1b5 Qa2 33. Nd6 Ra7 34. Nxf7+ Rxf7 35. Rb8+ 1-0

[Event "Early-Titled-Tuesday-Blitz-October-17-2023"]
[Site "Chess.com"]
[Date "2023.10.17"]
[Round "5"]
[White "Josgar05"]
[Black "Emeraldddd"]
[Result "0-1"]
[WhiteElo "2348"]
[BlackElo "2541"]
[TimeControl "180+1"]
[EndTime "8:56:56 PDT"]
[Termination "Emeraldddd won by checkmate"]

1. Nf3 Nf6 2. b3 g6 3. Bb2 Bg7 4. g3 O-O 5. Bg2 d6 6. O-O e5 7. d3 Nc6 8. Nbd2 h6 9. e4 Be6 10.
Qe2 Nh5 11. Rfe1 f5 12. Rad1 f4 13. Nc4 fxg3 14. hxg3 Bg4 15. Qe3 Qf6 16. Ncd2 Rf7 17. Rc1 Raf8 18. Nh2 Bc8 19. Rf1 Nd4 20. Bxd4 exd4 21.
Qe2 Qg5 22. Ndf3 Qd8 23. Nd2 Be5 24. Ng4 Qg5 25. Nxe5 dxe5 26. Kh2 Bg4 27. Qe1 Be6 28. f3 Kh7 29. Nc4 b5 30. Nb2 c5 31. Qf2 Nf6 32. Kg1 Ng4 33. Qe1 Ne3 34. Rf2 Qxg3 35.
Re2 Qg5 36. Rxe3 dxe3 37. Qe2 Rxf3 38. Re1 Rf2 39. Qxe3 Qxg2# 0-1

[Event "Early-Titled-Tuesday-Blitz-October-17-2023"]
[Site "Chess.com"]
[Date "2023.10.17"]
[Round "5"]
[White "Air-Conditioner07"]
[Black "nelsi"]
[Result "0-1"]
[WhiteElo "2170"]
[BlackElo "2290"]
[TimeControl "180+1"]
[EndTime "8:56:56 PDT"]
[Termination "nelsi won by resignation"]

1. d4 Nf6 2. c4 g6 3. Nc3 Bg7 4. e4 d6 5. h3 O-O 6. Be3 Nc6 7. d5 Nb8 8. g4 c6 9. Bg2 Nbd7 10.
f4 Qa5 11. Qc2 e6 12. dxe6 fxe6 13. O-O-O Qc7 14. Nf3 Nb6 15. Qd3 Rd8 16. e5 Ne8 17. c5 Nd5 18. cxd6 Qa5 19. Nxd5 cxd5 20. Kb1 Bd7 21. Qd2 Qb5 22. Nd4 Qa6 23. Bf1 b5 24. Nb3 Rac8 25. Nc5 Qc6 26. Bd4 Nxd6 27. Bg2 Nc4 28. h4 Nxd2+ 0-1

[Event "Early-Titled-Tuesday-Blitz-October-17-2023"]
[Site "Chess.com"]
[Date "2023.10.17"]
[Round "5"]
[White "Lion-Al-Messi"]
[Black "gmcorrales"]
[Result "1-0"]
[WhiteElo "2670"]
[BlackElo "2871"]
[TimeControl "180+1"]
[EndTime "8:56:57 PDT"]
[Termination "Lion-Al-Messi won by resignation"]

1. e4 c5 2. Nf3 d6 3. d4 cxd4 4. Nxd4 Nf6 5. Nc3 Nc6 6. Bg5 e6 7. Qd2 a6 8. O-O-O Bd7 9. f4 b5 10. Bxf6 gxf6 11. Kb1 Qb6 12. Nxc6 Bxc6 13. f5 b4 14. Ne2 e5 15. Qd3 h5 16. Nc1 a5 17.
Be2 a4 18. Rhe1 Qc5 19. Bf1 Ke7 20. Qc4 Qb6 21. Nd3 Rb8 22. b3 Bh6 23. g3 Rhc8 24. Nc1 a3 25. Qd3 Qc5 26. Qc4 Qf2 27. Qe2 Qg1 28. Qxh5 Bxc1 29. Kxc1 Rc7 30. Bc4 Be8 31.
Rxg1 d5 32. exd5 Kd6 33. Qh6 1-0